 Dungeon Crawl Stone Soup version 0.21.1-1-g345015f (webtiles) character file.

108 kae the Insei (level 4, -6/34 HPs)
             Began as a Gnoll Transmuter on June 1, 2018.
             Killed from afar by Natasha (10 damage)
             ... with a magic dart
             ... on level 3 of the Dungeon.
             The game lasted 00:01:14 (2394 turns).

kae the Insei (Gnoll Transmuter)                    Turns: 2394, Time: 00:01:14

Health: -6/34      AC:  2    Str: 12    XL:     4   Next: 87%
Magic:  8/11       EV: 24    Int: 15    God:
Gold:   87         SH:  0    Dex: 24    Spells: 7/13 levels left

rFire    . . .     SeeInvis .     - Unarmed
rCold    . . .     Gourm    .   (shield currently unavailable)
rNeg     . . .     Faith    .   (armour currently unavailable)
rPois    x         Spirit   .   (helmet currently unavailable)
rElec    .         Reflect  .   (cloak currently unavailable)
rCorr    .         Harm     .   (gloves currently unavailable)
MR       .....                  (boots currently unavailable)
Stlth    ++........             (no amulet)
HPRegen  0.11/turn              (no ring)
MPRegen  0.12/turn              (no ring)

@: spider-form
A: tiny, distributed training, agile 1, strong nose
a: End Transformation


You were on level 3 of the Dungeon.
You were hungry.
You were a venomous arachnid creature.
You visited 1 branch of the dungeon, and saw 3 of its levels.

You collected 87 gold pieces.

Inventory:

Hand Weapons
 r - a +0 mace of holy wrath (melded)
Missiles
 a - 47 arrows
Armour
 b - a +0 robe (melded)
 q - a +0 pair of gloves (melded)
Jewellery
 p - an uncursed ring of protection from cold {unknown}
Scrolls
 e - 2 scrolls of teleportation {unknown}
 g - 3 scrolls of identify {unknown}
 i - a scroll of fear {unknown}
 j - a scroll of enchant armour {unknown}
 k - a scroll of immolation {unknown}
 n - a scroll of random uselessness {unknown}
Potions
 f - 2 potions of mutation
 h - a potion of magic {unknown}
 m - a potion of flight {unknown}
 o - a potion of agility {unknown}
Books
 c - a book of Changes

   Spells                             Type                      Level
   a - Beastly Appendage              Transmutation                1
   b - Sticks to Snakes               Transmutation                2
   c - Spider Form                    Transmutation/Poison         3
   d - Ice Form                       Ice/Transmutation            4
   e - Blade Hands                    Transmutation                5
Comestibles
 d - 7 rations


   Skills:
 + Level 2.8 Fighting
 + Level 1.2 Short Blades
 + Level 1.2 Long Blades
 + Level 1.2 Axes
 + Level 1.2 Maces & Flails
 + Level 1.2 Polearms
 + Level 1.2 Staves
 + Level 1.2 Slings
 + Level 1.2 Bows
 + Level 1.2 Crossbows
 + Level 1.2 Throwing
 + Level 1.2 Armour
 + Level 4.7 Dodging
 + Level 1.2 Stealth
 + Level 1.2 Shields
 + Level 6.6 Unarmed Combat
 + Level 5.1 Spellcasting
 + Level 1.0 Conjurations
 + Level 1.0 Hexes
 + Level 1.0 Charms
 + Level 1.0 Summonings
 + Level 1.0 Necromancy
 + Level 1.0 Translocations
 + Level 3.9 Transmutations
 + Level 1.0 Fire Magic
 + Level 1.0 Ice Magic
 + Level 1.0 Air Magic
 + Level 1.0 Earth Magic
 + Level 1.0 Poison Magic
 + Level 1.3 Invocations
 + Level 1.2 Evocations


You had 7 spell levels left.
You knew the following spells:

 Your Spells              Type           Power        Failure   Level  Hunger
a - Beastly Appendage     Tmut           ###...       11%         1    None
b - Sticks to Snakes      Tmut           ###.....     14%         2    ##.....
c - Spider Form           Tmut/Pois      ##........   36%         3    ###....


Dungeon Overview and Level Annotations

Branches:
Dungeon (3/15)

Altars:
Ashenzari
Xom

Annotations:
D:3 Natasha


Innate Abilities, Weirdness & Mutations

Your experience applies equally to all skills.
((You have very sharp teeth.))
Your uncanny sense of smell can sniff out nearby items.
You are agile. (Dex +2)
((Your flesh is heat resistant. (rF+)))
((Your system is resistant to poisons. (rPois)))


Message History

The crimson imp blinks!
The rat bites you but does no damage. Natasha casts a spell at you.
You resist with some effort. Natasha misses you. Natasha barely misses you.
Natasha claws you!
* * * LOW HITPOINT WARNING * * *
Casting: Beastly Appendage
Confirm with . or Enter, or press ? or * to list all spells.
You turn into a venomous arachnid creature.
Your +0 mace of holy wrath melds into your body.
Your +0 pair of gloves melds into your body.
Your +0 robe melds into your body.
Your +0 mace of holy wrath stops glowing.
Natasha casts a spell at you. You resist with some effort.
Natasha closely misses you.
Natasha stares at you and mumbles some strange words.
The magic dart hits you!
You die...

#.#
#......###.# #
#.#
###>##.##.##
.#.# #.#
##[#.#.## #.#.#
#.# ##)..##
#....### ..#
##.####........
#.#
#.............
..#
####.#.....#
###
##.##...####
#.rhs.......
#.5###.#####
#..# # #.5#
#..# #..# ....
##.5# #...


You could see an iron imp, Natasha and a rat.

Vanquished Creatures
  Natasha (D:3)
  2 adders
  3 worms
  A dart slug (D:1)
  A leopard gecko (D:1)
  6 bats
  4 goblins
  7 hobgoblins
  10 jackals
  A quokka (D:3)
  3 frilled lizards
  7 kobolds
  6 rats
52 creatures vanquished.

Notes
Turn   | Place    | Note
-------+----------+-------------------------------------------
     0 | D:1      | kae the Gnoll Transmuter began the quest for the Orb.
     0 | D:1      | Reached XP level 1. HP: 17/17 MP: 6/6
   148 | D:1      | Reached XP level 2. HP: 22/23 MP: 5/7
   793 | D:2      | Reached XP level 3. HP: 28/28 MP: 7/9
   797 | D:2      | Learned a level 2 spell: Sticks to Snakes
   801 | D:2      | Learned a level 3 spell: Spider Form
   845 | D:2      | Found a shattered altar of Ashenzari.
   886 | D:2      | Reached skill level 5 in Spellcasting
  1232 | D:2      | Reached skill level 1 in Invocations
  1499 | D:2      | Reached skill level 1 in Short Blades
  1499 | D:2      | Reached skill level 1 in Long Blades
  1499 | D:2      | Reached skill level 1 in Axes
  1499 | D:2      | Reached skill level 1 in Maces & Flails
  1499 | D:2      | Reached skill level 1 in Polearms
  1499 | D:2      | Reached skill level 1 in Staves
  1499 | D:2      | Reached skill level 1 in Slings
  1499 | D:2      | Reached skill level 1 in Bows
  1499 | D:2      | Reached skill level 1 in Crossbows
  1499 | D:2      | Reached skill level 1 in Throwing
  1499 | D:2      | Reached skill level 1 in Armour
  1499 | D:2      | Reached skill level 1 in Stealth
  1499 | D:2      | Reached skill level 1 in Shields
  1499 | D:2      | Reached skill level 1 in Evocations
  1708 | D:3      | Found a shimmering altar of Xom.
  1715 | D:3      | Noticed Natasha
  1719 | D:3      | Killed Natasha
  1719 | D:3      | Reached XP level 4. HP: 29/34 MP: 11/11
  2064 | D:3      | Reached skill level 1 in Conjurations
  2064 | D:3      | Reached skill level 1 in Hexes
  2064 | D:3      | Reached skill level 1 in Charms
  2064 | D:3      | Reached skill level 1 in Summonings
  2064 | D:3      | Reached skill level 1 in Necromancy
  2064 | D:3      | Reached skill level 1 in Translocations
  2064 | D:3      | Reached skill level 1 in Fire Magic
  2064 | D:3      | Reached skill level 1 in Ice Magic
  2064 | D:3      | Reached skill level 1 in Air Magic
  2064 | D:3      | Reached skill level 1 in Earth Magic
  2064 | D:3      | Reached skill level 1 in Poison Magic
  2378 | D:3      | Noticed Natasha
  2388 | D:3      | Gained mutation: You are agile. (Dex +2) [potion of mutation]
  2388 | D:3      | Gained mutation: Your system is resistant to poisons. (rPois) [potion of mutation]
  2388 | D:3      | Gained mutation: Your flesh is heat resistant. (rF+) [potion of mutation]
  2394 | D:3      | Killed from afar by Natasha

Skill      XL: |  1  2  3  4 |
---------------+-------------+-----
Spellcasting   | 5 |  5.1
Invocations    | 1 |  1.3
Short Blades   | 1 |  1.2
Long Blades    | 1 |  1.2
Axes           | 1 |  1.2
Maces & Flails | 1 |  1.2
Polearms       | 1 |  1.2
Staves         | 1 |  1.2
Slings         | 1 |  1.2
Bows           | 1 |  1.2
Crossbows      | 1 |  1.2
Throwing       | 1 |  1.2
Armour         | 1 |  1.2
Stealth        | 1 |  1.2
Shields        | 1 |  1.2
Evocations     | 1 |  1.2
Conjurations   | 1 |  1.0
Hexes          | 1 |  1.0
Charms         | 1 |  1.0
Summonings     | 1 |  1.0
Necromancy     | 1 |  1.0
Translocations | 1 |  1.0
Fire Magic     | 1 |  1.0
Ice Magic      | 1 |  1.0
Air Magic      | 1 |  1.0
Earth Magic    | 1 |  1.0
Poison Magic   | 1 |  1.0
Fighting       | |  2.8
Dodging        | |  4.7
Unarmed Combat | |  6.6
Transmutations | |  3.9

Action                   |  1- 3 |  4- 6 || total
-------------------------+-------+-------++-------
Melee: Unarmed           |    96 |    39 ||   135
       Bite              |    16 |     3 ||    19
       Kick              |     9 |     2 ||    11
       Headbutt          |     3 |     3 ||     6
       Punch             |     3 |     1 ||     4
       Mace              |       |    20 ||    20
 Cast: Beastly Appendage |    20 |     4 ||    24
       Spider Form       |       |     1 ||     1
  Use: Potion            |       |     2 ||     2
 Stab: Sleeping          |     2 |     1 ||     3
  Eat: Chunk             |     1 |     3 ||     4
Armor: Robe              |    24 |    14 ||    38
Dodge: Dodged            |    72 |    68 ||   140
